Map: Terraform LE (Void)

Players

wabbajack - Winner!

  • Race: Zerg Zerg
  • League: Gold

LULZ

  • Race: Protoss Protoss

VOD

Have the link to the VOD?

Description

Time

  • Played on: July 17, 2015, 3:20 p.m.
  • Length: 13:56
Show
View Real Time Build Order
Export as new Build Order

wabbajack Zerg - Winner!

Build Orders: Hatch First, Lurkers, Zergling Baneling 

Get SALT Encoding   

  12  0:01  Drone  
  13  0:18  Overlord  
  13  0:20  Drone  
  14  0:36  Drone x2  
  14  0:42  Drone  
  17  0:56  Hatchery  
  16  1:00  Drone  
  17  1:13  Spawning Pool  
  16  1:20  Drone x2  
  16  1:23  Extractor  
  17  1:41  Drone x2  
  19  1:52  Overlord  
  19  2:02  Queen  
  21  2:09  Queen  
  21  2:14  Extractor  
  21  2:15  Drone x3  
  25  2:17  Drone  
  25  2:21  Drone  
  27  2:44  Drone x4  
  28  2:50  Metabolic Boost  
  31  2:55  Pneumatized Carapace  
  31  2:58  Overlord  
  32  3:05  Zergling x4  
  33  3:15  Zergling x4  
  35  3:29  Baneling Nest  
  35  3:31  Drone  
  35  3:32  Drone x8  
  43  4:02  Zergling x2  
  44  4:05  Overlord x2  
  44  4:21  Baneling x2  
  44  4:22  Hatchery  
  44  4:23  Baneling  
  44  4:24  Baneling x3  
  43  4:32  Zergling x2  
  43  4:33  Zergling x4  
  43  4:38  Zergling x6  
  46  4:39  Zergling x2  
  46  4:44  Zergling x2  
  50  4:46  Baneling x2  
  42  5:41  Extractor  
  42  5:42  Lair, Extractor  
  40  5:45  Queen  
  40  5:46  Roach Warren  
  40  5:49  Queen  
  43  5:50  Overlord x3  
  43  5:51  Drone  
  43  5:52  Drone x6  
  46  5:57  Hatchery  
  45  6:19  Hatchery, Drone x3  
  45  6:20  Drone x3  
  45  6:21  Drone  
  45  6:22  Drone  
  52  6:26  Drone x6  
  58  6:33  Evolution Chamber, Roach x2  
  58  6:34  Evolution Chamber  
  60  6:44  Spine Crawler  
  59  6:47  Spine Crawler  
  59  6:51  Roach x8  
  73  7:29  Spine Crawler  
  72  7:30  Spine Crawler  
  72  7:33  Spore Crawler  
  72  7:35  Spore Crawler  
  69  7:40  Drone x9  
  69  7:41  Drone x3, Spore Crawler  
  80  7:50  Hydralisk Den  
  80  7:51  Infestation Pit  
  78  8:00  Drone x2  
  78  8:01  Drone, Extractor  
  78  8:05  Drone x3, Extractor  
  81  8:07  Drone x4  
  86  8:13  Overlord x4  
  86  8:30  Hive  
  86  8:35  Spire  
  86  8:38  Muscular Augments  
  86  8:40  Overlord x2  
  85  8:46  Burrow  
  85  8:48  Glial Reconstitution  
  85  8:50  Zerg Missile Weapons Level 1, Zerg Ground Armor Level 1  
  85  9:12  Hydralisk x11  
  85  9:13  Hydralisk x2  
  111  9:20  Overlord  
  111  9:21  Overlord  
  111  9:23  Zergling x4  
  113  9:43  Adrenal Glands  
  113  9:51  Lurker Den  
  113  9:53  Evolution Chamber  
  113  9:54  Greater Spire  
  113  9:57  Corruptor x2  
  113  9:58  Corruptor x4  
  124  10:01  Hydralisk x2  
  124  10:06  Tunneling Claws  
  126  10:22  Corruptor  
  126  10:23  Corruptor  
  126  10:27  Drone  
  126  10:28  Drone x10  
  141  10:32  Queen  
  141  10:34  Overlord  
  143  10:36  Overlord  
  143  10:41  Overlord  
  143  10:47  Zerg Melee Weapons Level 1  
  143  10:48  Zerg Missile Weapons Level 2  
  143  10:52  Zerg Ground Armor Level 2  
  143  11:01  Drone x3  
  143  11:03  Extractor  
  145  11:06  Drone x2, Extractor  
  145  11:07  Drone  
  145  11:10  Spore Crawler  
  146  11:13  Drone x2  
  146  11:14  Spine Crawler  
  146  11:15  Drone x5  
  152  11:22  Zerg Flyer Armor Level 1  
  132  12:02  Lurker x2  
  132  12:03  Lurker x6  
  132  12:06  Brood Lord x4  
  148  12:08  Overlord x2  
  148  12:09  Overlord x3  
  148  12:11  Zergling x4  
  148  12:12  Zergling x36  
  168  12:17  Overseer x2  
  168  12:44  Hatchery  
  167  12:54  Extractor  
  167  12:57  Hatchery  
  167  12:58  Extractor  
  164  13:02  Brood Lord x4  
  157  13:26  Corruptor x5  
  157  13:27  Corruptor x4  
Show
View Real Time Build Order
Export as new Build Order

LULZ Protoss 

Build Orders: 1 Gate Expand 

Get SALT Encoding   

  12  0:01  Probe  
  13  0:20  Probe, Pylon  
  14  0:45  Gateway  
  14  1:14  Nexus  
  14  1:18  Forge  
  14  1:22  Probe (Chrono Boost)  
  15  1:35  Probe (Chrono Boost)  
  15  1:37  Assimilator  
  16  1:46  Probe (Chrono Boost)  
  17  1:50  Assimilator  
  17  1:56  Probe (Chrono Boost)  
  17  2:05  Photon Cannon  
  17  2:11  Pylon  
  17  2:14  Probe (Chrono Boost)  
  19  2:24  Probe (Chrono Boost)  
  20  2:31  Probe x2 (Chrono Boost)  
  21  2:38  Probe  
  21  2:39  Probe  
  23  2:45  Cybernetics Core  
  23  2:52  Pylon  
  23  2:55  Probe  
  24  3:01  Probe (Chrono Boost)  
  25  3:11  Probe (Chrono Boost)  
  26  3:13  Probe (Chrono Boost)  
  28  3:21  Probe (Chrono Boost)  
  28  3:22  Gateway  
  28  3:32  Probe (Chrono Boost), Warp Gate (Chrono Boost)  
  30  3:36  Photon Cannon  
  30  3:38  Probe (Chrono Boost)  
  31  3:42  Probe (Chrono Boost)  
  31  3:46  Assimilator  
  31  3:50  Assimilator  
  31  4:08  Probe (Chrono Boost)  
  33  4:14  Probe (Chrono Boost)  
  32  4:18  Gateway  
  32  4:19  Gateway  
  32  4:26  Adept (Chrono Boost)  
  32  4:29  Probe x2  
  38  4:32  Adept (Chrono Boost)  
  38  4:37  Pylon  
  37  4:44  Mothership Core  
  37  4:45  Probe  
  42  4:51  Adept x2 (Chrono Boost)  
  44  4:57  Probe  
  45  5:04  Adept  
  45  5:06  Adept  
  51  5:20  Probe x2  
  53  5:23  Robotics Facility  
  51  5:32  Probe  
  30  5:54  Probe x2  
  32  6:00  Stalker x4  
  40  6:06  Probe x2 (Chrono Boost)  
  42  6:14  Photon Cannon  
  42  6:18  Probe (Chrono Boost)  
  44  6:19  Probe (Chrono Boost)  
  44  6:28  Probe (Chrono Boost)  
  44  6:29  Probe (Chrono Boost)  
  44  6:32  Twilight Council  
  46  6:35  Probe (Chrono Boost)  
  46  6:38  Probe (Chrono Boost)  
  48  6:43  Probe  
  45  7:34  Probe (Chrono Boost)  
  47  7:40  Probe (Chrono Boost)  
  47  7:42  Nexus  
  48  7:44  Probe (Chrono Boost)  
  48  7:45  Robotics Bay  
  48  7:47  Pylon  
  48  7:48  Probe (Chrono Boost)  
  48  7:49  Pylon  
  49  7:51  Probe  
  49  7:52  Pylon  
  49  7:54  Pylon  
  49  7:55  Stalker x2  
  49  7:56  Stalker  
  56  7:59  Probe  
  56  8:04  Probe  
  58  8:10  Dark Shrine  
  58  8:11  Probe  
  59  8:16  Probe  
  59  8:18  Pylon  
  60  8:26  Probe (Chrono Boost)  
  61  8:28  Probe (Chrono Boost)  
  61  8:33  Stalker x3  
  68  8:38  Probe (Chrono Boost)  
  68  8:39  Probe (Chrono Boost)  
  70  8:45  Robotics Facility  
  70  8:47  Probe  
  71  8:51  Pylon  
  71  8:54  Probe x2, Pylon  
  73  8:59  Probe  
  74  9:06  Probe x2  
  74  9:08  Extended Thermal Lance  
  76  9:11  Probe  
  80  9:19  Disruptor (Chrono Boost)  
  80  9:25  Robotics Facility  
  80  9:33  Photon Cannon  
  80  9:39  Probe x3, Photon Cannon  
  80  9:42  Assimilator  
  80  9:43  Assimilator  
  83  9:51  Probe x3  
  86  10:07  Stalker x2  
  86  10:08  Stalker  
  104  10:15  Probe (Chrono Boost)  
  104  10:16  Colossus (Chrono Boost)  
  104  10:19  Colossus (Chrono Boost)  
  104  10:20  Probe (Chrono Boost)  
  104  10:21  Probe (Chrono Boost), Dark Shrine  
  107  10:26  Probe (Chrono Boost)  
  110  10:29  Probe x2 (Chrono Boost)  
  110  10:33  Colossus (Chrono Boost)  
  116  10:38  Probe  
  116  10:39  Probe  
  116  10:40  Probe  
  119  10:50  Probe  
  119  10:51  Probe  
  119  10:52  Probe  
  119  10:55  Gateway  
  119  10:56  Gateway  
  122  10:58  Gateway  
  122  11:02  Probe  
  122  11:03  Probe, Shield Upgrade  
  122  11:04  Probe  
  125  11:22  Disruptor  
  125  11:31  Stalker x2  
  129  11:37  Pylon  
  129  11:39  Pylon  
  129  11:41  Pylon  
  129  11:42  Nexus, Pylon  
  129  11:43  Pylon x2  
  129  11:44  Pylon  
  129  11:47  Assimilator x2  
  126  12:02  Stalker x2  
  126  12:04  Dark Templar x2  
  126  12:08  Archon  
  134  12:21  Dark Templar  
  134  12:22  Dark Templar x2  
  140  12:28  Photon Cannon  
  140  12:29  Photon Cannon x2  
  140  12:30  Photon Cannon  
  140  12:41  Archon  
  140  12:47  Observer  
  141  13:01  Forge x2  
  119  13:23  Dark Templar x5  
  119  13:24  Dark Templar  
Tags
 
Add a new tag
Caveats
  • Supply blocks, unpowered buildings, or Contaminate may cause inaccurate times.
  • Supply counts are checked every 10 seconds.